 Dungeon Crawl Stone Soup version 0.19-a0-1821-g42c593c (webtiles) character file.

49 Ijustatesigmund the Magician (level 3, 0/16 HPs)
             Began as a Spriggan Wizard on Oct 6, 2016.
             Slain by an adder (3 damage)
             ... on level 4 of the Dungeon.
             The game lasted 00:08:47 (1813 turns).

Ijustatesigmund the Magician (Spriggan Wizard)      Turns: 1813, Time: 00:08:48

Health: 0/16       AC:  2    Str:  3    XL:     3   Next: 51%
Magic:  9/11       EV: 18    Int: 20    God:
Gold:   58         SH:  0    Dex: 14    Spells: 5 memorised, 2 levels left

rFire  . . .     SeeInvis +     e - +0 short sword
rCold  . . .     Gourm    .     a - +0 robe
rNeg   . . .     Faith    .     (shield restricted)
rPois  .         Spirit   .     b - +0 hat
rElec  .         Dismiss  .     (no cloak)
rCorr  .         Reflect  .     (gloves unavailable)
MR     .....     Harm     .     (boots unavailable)
Stlth  ++........               (no amulet)
                                (no ring)
                                (no ring)

@: repel missiles, very quick
A: unfitting armour, see invisible, herbivore 3, speed 3, slow metabolism 2
a: no special abilities


You were on level 4 of the Dungeon.
You were not hungry.

You visited 1 branch of the dungeon, and saw 4 of its levels.

You collected 58 gold pieces.

Inventory:

Hand Weapons
 e - a +0 short sword (weapon)
Missiles
 h - 3 tomahawks (quivered)
Armour
 a - a +0 robe (worn)
 b - a +0 hat (worn)
Wands
 f - a wand of slowing (33/48)
Scrolls
 i - a scroll of remove curse
Potions
 l - a potion of flight
Books
 c - a book of Minor Magic

   Spells                             Type                      Level
   a - Magic Dart                     Conjuration                  1
   b - Blink                          Translocation                2
   c - Call Imp                       Summoning                    2
   d - Repel Missiles                 Charms/Air                   2
   e - Slow                           Hexes                        2
   f - Conjure Flame                  Conjuration/Fire             3
   g - Mephitic Cloud                 Conjuration/Poison/Air       3
Comestibles
 d - 4 bread rations
 j - a fruit


   Skills:
 - Level 3.0 Dodging
 - Level 3.0 Stealth
 + Level 5.8 Spellcasting
 - Level 0.6 Conjurations
   Level 0.7 Summonings
 - Level 1.5 Translocations


You had 2 spell levels left.
You knew the following spells:

 Your Spells              Type           Power        Failure   Level  Hunger
a - Magic Dart            Conj           #...         10%         1    None
b - Blink                 Tloc           N/A          12%         2    None
c - Repel Missiles        Chrm/Air       #.....       21%         2    None
d - Mephitic Cloud        Conj/Pois/Air  #.......     30%         3    ##.....
e - Conjure Flame         Conj/Fire      #.......     30%         3    ##.....


Dungeon Overview and Level Annotations

Branches:
Dungeon (4/15)
 Temple: D:4-7

Altars:

Annotations:
D:3 Amnesiac's ghost, weakling OgHu
D:4 Robin


Innate Abilities, Weirdness & Mutations

You are very small and have problems with some larger weapons.
You are too small for most types of armour.
You have supernaturally acute eyesight. (SInv)
You are a herbivore.
You cover ground extremely quickly.
You need consume almost no food.


Message History

Aiming: Conjure Flame
Press: ? - help, Dir - move target cursor The fire roars!
The rat bites you but does no damage.
You hit the rat.
You kill the rat!
You enter the shallow water.
Moving in this stuff is going to be slow.
The rat splashes around in the water.
The rat bites you.
* * * LOW HITPOINT WARNING * * *
Your unstable footing causes you to fumble your attack.
The rat bites you but does no damage.
Your unstable footing causes you to fumble your attack.
The rat splashes around in the water.
You closely miss the rat.
The rat splashes around in the water.
You hit the rat.
You kill the rat!
The adder closely misses you. The adder bites you.
You die...

..>.### #######.##******,,,,,,,,*
###...##*≈≈≈,,##≈#,,,,,,,,,,,,,,*
##Z..#,*****,#h#******,,,,,,,,*
##...#≈**≈**≈#a# *****,****
###....#≈*,*,*≈#≈# *,* *
#...#.##≈*≈*∩*,#≈### *,* *
#.###..#≈*≈***≈#≈#.## *,* *
.......#≈*≈≈≈≈*#S#..## *,* *
...#####≈******#@#...# *,* * ####
**≈≈≈≈≈≈≈##...# ****,**** #
*########<...# *,,,,,**,
#..........# *,,,,,*,,
###########..........##**,,,,,*,,
Z.............%.......##..,,,,*,,
###########..............#******,
#..^.......##..# **,
#..........#*### *,,


You could see a worker ant, an adder and a jackal.

Vanquished Creatures
  An adder (D:2)
  4 orcs (D:3)
  4 hobgoblins (D:1)
  3 jackals
  A quokka (D:3)
  3 bats
  3 frilled lizards
  4 goblins
  5 kobolds (D:1)
  8 rats
36 creatures vanquished.

Notes
Turn   | Place    | Note
-------+----------+-------------------------------------------
     0 | D:1      | Ijustatesigmund the Spriggan Wizard began the quest for the Orb.
     0 | D:1      | Reached XP level 1. HP: 9/9 MP: 6/6
   260 | D:1      | Reached XP level 2. HP: 13/13 MP: 1/8
   602 | D:1      | Reached skill level 5 in Spellcasting
   947 | D:2      | Found a faded altar of an unknown god.
   960 | D:2      | Reached XP level 3. HP: 11/16 MP: 1/10
  1201 | D:3      | Learned a level 2 spell: Blink
  1204 | D:3      | Learned a level 2 spell: Repel Missiles
  1208 | D:3      | Learned a level 3 spell: Mephitic Cloud
  1212 | D:3      | Learned a level 3 spell: Conjure Flame
  1293 | D:3      | Noticed Amnesiac's ghost (weakling OgHu)
  1776 | D:4      | Noticed Robin
  1813 | D:4      | Slain by an adder

Vault maps used:
D:1:      dpeg_arrival_tiny_a
D:2:      first_bread, ecumenical_altar_1
D:3:      lemuel_coloured_pillars_altar, roderic_curled_sauvastika,
          grunt_ministairs_15
D:4:      gup_sewer_entry_spiral, uniq_robin, uniq_duvessa,
          uniq_crazy_yiuf_cottage

Skill      XL: |  1  2 |
---------------+-------+-----
Spellcasting   | 5 |  5.8
Dodging        | |  3.0
Stealth        | |  3.0
Conjurations   | |  0.6
Summonings     | |  0.7
Translocations | |  1.5

Action                   || total
-------------------------++-------
Melee: Short sword       ||    36
 Cast: Magic Dart        ||    80
       Mephitic Cloud    ||     2
       Conjure Flame     ||     1
       Repel Missiles    ||     1
  Use: Scroll            ||    10
       Potion            ||     2
 Stab: Sleeping          ||     2
Armor: Robe              ||     9
Dodge: Dodged            ||    76
       Deflected         ||     1
